 Dungeon Crawl Stone Soup version 0.25.0-9-g26727b657a (webtiles) character file.

Game seed: 7725658596178864677

728 mortelune the Ruffian (level 7, -2/57 (60) HPs)
             Began as a Ghoul Warper on June 20, 2020.
             Was an Initiate of Makhleb.
             Slain by a sky beast (6 damage)
             ... on level 5 of the Dungeon.
             The game lasted 00:07:31 (5884 turns).

mortelune the Ruffian (Ghoul Warper)                Turns: 5884, Time: 00:07:31

HP:   -2/57 (60)    AC:  7    Str: 17    XL:     7   Next: 72%
MP:   8/8           EV: 10    Int: 14    God:    Makhleb [......]
Gold: 233           SH:  5    Dex:  8    Spells: 5/9 levels left

rFire    . . .     SeeInvis .     - Unarmed
rCold    + . .     Gourm    .   (no shield)
rNeg     + + +     Faith    .   b - +0 scale mail
rPois    ∞         Spirit   .   (no helmet)
rElec    .         Reflect  +   (no cloak)
rCorr    .         Harm     .   (no gloves)
MR       .....                  (no boots)
Stlth    ..........             c - amulet of reflection
HPRegen  0.00/turn              r - +6 ring of intelligence
MPRegen  0.11/turn              (no ring)

@: rotting
A: rotting body, claws 1, carnivore, cold resistance 1, negative energy
resistance 3, inhibited regeneration, torment resistance, unbreathing
a: Renounce Religion


You were on level 5 of the Dungeon.
You worshipped Makhleb.
Makhleb was noncommittal.
You were near starving.

You visited 1 branch of the dungeon, and saw 6 of its levels.

You collected 233 gold pieces.

Inventory:

Missiles
 d - 3 boomerangs of dispersal
 p - 16 poisoned darts
 Q - 178 stones (quivered)
Armour
 a - a +0 leather armour
 b - a +0 scale mail (worn)
 s - a +0 ring mail
Jewellery
 c - an amulet of reflection (around neck)
 m - an uncursed amulet of the acrobat
 n - an uncursed amulet of magic regeneration
 r - a +6 ring of intelligence (left claw)
Wands
 u - a wand of paralysis (7)
Scrolls
 e - 2 scrolls of remove curse
 h - 2 scrolls of enchant weapon
 i - 3 scrolls of identify
 k - 3 scrolls of immolation
 l - 2 scrolls of noise
 t - 5 scrolls of teleportation
 B - a scroll of blinking
Potions
 g - 2 potions of degeneration
 j - 4 potions of curing
 o - a potion of heal wounds
 v - a potion of lignification
Comestibles
 f - 4 rations


   Skills:
 + Level 4.9 Fighting
 - Level 0.8 Throwing
 + Level 3.7 Armour
 - Level 1.7 Dodging
 * Level 6.7 Unarmed Combat
 - Level 1.7 Spellcasting
 - Level 2.6 Translocations


You had 5 spell levels left.
You knew the following spells:

 Your Spells              Type           Power        Failure   Level  Hunger
a - Blink                 Tloc           N/A          36%         2    ###....
b - Shroud of Golubria    Chrm/Tloc      #.....       56%         2    ###....

Your spell library contained the following spells:

 Spells                   Type           Power        Failure   Level  Hunger
 Gell's Gravitas          Tloc           #.........   61%         3    ####...
 Lesser Beckoning         Tloc           #.........   61%         3    ####...
 Teleport Other           Tloc           #.......     61%         3    ####...
 Passage of Golubria      Tloc           N/A          95%         4    #####..


Dungeon Overview and Level Annotations

Branches:
Dungeon (6/15)
 Temple: D:4-7

Altars:
Cheibriados
Dithmenos
Makhleb
Trog

Annotations:
D:2 Sigmund


Innate Abilities, Weirdness & Mutations

Your body is rotting away.
You thrive on raw meat.
You are immune to poison.
You have sharp fingernails.
You are carnivorous and can eat meat at any time.
Your flesh is cold resistant. (rC+)
You are immune to negative energy. (rN+++)
You do not regenerate when monsters are visible.
You are immune to unholy pain and torment.
You can survive without breathing.


Message History

The worker ant is severely wounded.
You block the worker ant's attack.
You claw the worker ant!
You kill the worker ant!
Makhleb accepts your kill.
You closely miss something. You scratch something but do no damage.
Something hits you. Something shocks you.
You scratch something. Something hits you. Something shocks you.
* * * LOW HITPOINT WARNING * * *
You barely miss something. Something hits you but does no damage.
You closely miss something. Something completely misses you.
You closely miss something. Something hits you.
* * * LOW HITPOINT WARNING * * *
Something shocks you.
* * * LOW HITPOINT WARNING * * *
You closely miss something. Something hits you.
* * * LOW HITPOINT WARNING * * *
Something shocks you.
You die...

######## #####.##### #.#
#......###.....# #.#
###.##..##.##### ##.#
#..#..)).# ##..#
##.#.##)### ##..##
####.........#### ###..#).
#........###....###...##..
#...._8_.######.....###.<.
#....._..@{>###.........##
#........##...#.#####.....
#..........##.............
#######.........#....##...
#######...####.###.....
#........###...###.###.
####....<.................
#....................#####
####.##>.............####


There were no monsters in sight!

Vanquished Creatures
  A phantom (D:5)
  2 scorpions
  2 howler monkeys (D:4)
  A crimson imp (D:5)
  A quasit (D:5)
  Natasha (thrice) (D:4)
  An orc wizard (D:5)
  3 worker ants
  2 hound skeletons
  3 gnolls (D:4)
  A howler monkey skeleton (D:5)
  7 adders
  3 oozes
  2 adder skeletons (D:4)
  2 worms (D:4)
  A dart slug (D:3)
  3 leopard geckos
  4 orcs
  3 giant cockroaches (D:1)
  9 goblins
  9 hobgoblins
  3 jackals (D:1)
  A quokka (D:5)
  4 bats
  2 frilled lizards (D:4)
  A jackal skeleton (D:4)
  8 kobolds
  4 rats (D:1)
86 creatures vanquished.

Notes
Turn   | Place    | Note
-------+----------+-------------------------------------------
     0 | D:1      | mortelune the Ghoul Warper began the quest for the Orb.
     0 | D:1      | Reached XP level 1. HP: 17/17 MP: 2/2
    61 | D:1      | Reached skill level 1 in Armour
   411 | D:1      | Reached XP level 2. HP: 15/24 MP: 3/3
  1676 | D:1      | Reached skill level 3 in Unarmed Combat
  1713 | D:1      | Reached XP level 3. HP: 22/30 MP: 4/4
  2356 | D:2      | Noticed Sigmund
  2423 | D:3      | Found a shadowy altar of Dithmenos.
  2438 | D:3      | Reached XP level 4. HP: 18/37 MP: 5/5
  2653 | D:3      | Noticed an orc warrior
  3266 | D:3      | Reached skill level 4 in Unarmed Combat
  3714 | D:3      | Learned a level 2 spell: Blink
  3717 | D:3      | Learned a level 2 spell: Shroud of Golubria
  3892 | D:4      | Reached XP level 5. HP: 26/45 MP: 6/6
  4229 | D:4      | Noticed Natasha
  4233 | D:4      | Killed Natasha
  4316 | D:4      | Noticed Natasha
  4329 | D:4      | Killed Natasha
  4329 | D:4      | Reached skill level 5 in Unarmed Combat
  4329 | D:4      | Reached XP level 6. HP: 26/51 MP: 7/7
  4439 | D:4      | Noticed Natasha
  4444 | D:4      | Killed Natasha
  4969 | D:5      | Entered Level 5 of the Dungeon
  5056 | D:5      | Reached skill level 6 in Unarmed Combat
  5056 | D:5      | Reached XP level 7. HP: 60/60 MP: 8/8
  5308 | D:5      | Found a bloodstained altar of Trog.
  5308 | D:5      | Found a snail-covered altar of Cheibriados.
  5328 | D:5      | Found a burning altar of Makhleb.
  5341 | D:5      | Became a worshipper of Makhleb the Destroyer
  5884 | D:5      | Slain by a sky beast

Illustrated notes

Levels and vault maps discovered:
D:1:      roderic_chinese_lattice_arrival, layout_basic
D:2:      layout_rooms, hangedman_ru_absence, nicolae_gozag_seed_capital,
          serial_glass, glass_columns_b, glass_columns_a, glass_columns_a,
          glass_columns_b, glass_columns_a, glass_columns_a, glass_columns_c,
          glass_columns_a, makhleb_heckhound_becter, uniq_sigmund
D:3:      layout_loops_ring, overflow_temple_1_default, lemuel_round_altar,
          uniq_crazy_yiuf_cottage
D:4:      layout_cave_pools, first_ration, chequers_serial_rivers_micro_b,
          uniq_natasha
D:5:      layout_rooms, chequers_temple_overflow_statue_of_worship
D:6:      layout_rooms, serial_shops, nicolae_shop_waterfront

Skill      XL: |  1  2  3  4  5  6 |
---------------+-------------------+-----
Armour         | 1 2 3 |  3.7
Unarmed Combat | 3 4 5 6 |  6.7
Fighting       | 3 4 |  4.9
Throwing       | |  0.8
Dodging        | |  1.7
Spellcasting   | |  1.7
Translocations | |  2.6

Action                   |  1- 3 |  4- 6 |  7- 9 || total
-------------------------+-------+-------+-------++-------
Melee: Unarmed           |   126 |   171 |    99 ||   396
       Punch             |     2 |     3 |     3 ||     8
Throw: Boomerang         |       |     2 |       ||     2
       Stone             |       |       |     3 ||     3
  Use: Scroll            |       |       |    10 ||    10
  Eat: Chunk             |     4 |     9 |     1 ||    14
Armor: Leather armour    |    41 |    14 |       ||    55
       Ring mail         |       |     5 |       ||     5
       Scale mail        |       |     4 |    28 ||    32
Dodge: Dodged            |    71 |    70 |    28 ||   169
Block: Other             |     9 |    31 |    22 ||    62
       Reflection        |       |     1 |       ||     1
